 Dungeon Crawl Stone Soup version 0.31.0-12-g77e489cdc1 (webtiles) character file.

Game seed: 14750450934375944787

273 Gadfly the Insei (level 6, 22/47 HPs)
             Began as a Demonspawn Monk on Feb 13, 2024.
             Quit the game on level 2 of the Dungeon.
             The game lasted 00:03:14 (1509 turns).

Gadfly the Insei (Demonspawn Monk)                  Turns: 1509, Time: 00:03:14

Health: 22/47      AC:  2    Str: 14    XL:     6   Next: 2%
Magic:  1/6        EV: 13    Int: 12    God:
Gold:   33         SH:  0    Dex: 15    Spells: 5/5 levels left

rFire   . . .        b - +2 rapier (elec)
rCold   . . .        c - orb {light}
rNeg    . . .        h - +0 robe
rPois   +            (no helmet)
rElec   .            (no cloak)
rCorr   .            (no gloves)
SInv    .            (no boots)
Will    .....        (no amulet)
Stlth   +            n - ring of poison resistance
HPRegen 0.27/turn    (no ring)
MPRegen 0.10/turn

%: no passive effects
@: glowing
A: claws 2, ignite blood 1, spiny 1, big brain 1
a: no special abilities


You were on level 2 of the Dungeon.
You visited 1 branch of the dungeon, and saw 2 of its levels.

You collected 33 gold pieces.

Inventory:

Hand Weapons
 b - a +2 rapier of electrocution (weapon)
 l - a +0 falchion
Armour
 c - an orb of light (worn)
 h - a +0 robe (worn)
Jewellery
 n - a ring of poison resistance (left claw)
Talismans
 d - a serpent talisman
 g - a flux talisman
Scrolls
 a - 2 scrolls of identify
Potions
 e - a potion of resistance
 f - a potion of ambrosia
 i - a potion of berserk rage
 j - a potion of brilliance {unknown}
 k - a potion of enlightenment {unknown}
 m - a potion of curing {unknown}


   Skills:
 - Level 3.0 Fighting
 + Level 3.3 Dodging
 * Level 4.0 Unarmed Combat
 * Level 2.9 Evocations
 * Level 2.4 Shapeshifting


You had 5 spell levels left.
You didn't know any spells.
Your spell library contained the following spells:

 Spells                   Type           Power      Damage    Failure   Level
 Freeze                   Ice            0%         1d3       32%         1
 Frozen Ramparts          Ice            0%         1d1       69%         3
 Hailstorm                Conj/Ice       0%         3d5       69%         3


Dungeon Overview and Level Annotations

Branches:
Dungeon (2/15)

Altars:


Innate Abilities, Weirdness & Mutations

You have very sharp fingernails.
Your demonic aura sometimes causes spilled blood to erupt in flames.
You are partially covered in sharp spines.
You have an unusually large brain. (Int +2)


Message History

No target in view!
No target in view!
Crazy Yiuf shouts!
Crazy Yiuf grits, "East!
Castle toodlewoodle hand."
A hobgoblin comes into view.
A hobgoblin is nearby!
A hobgoblin is nearby!
You barely miss the hobgoblin. The hobgoblin is struck by your spines.
The hobgoblin misses you.
You hit the hobgoblin.
You kill the hobgoblin!
No target in view!
No target in view!
No target in view!
No target in view!
No target in view!
No target in view!
You see here a hobgoblin corpse.
Could not explore, unopened runed door.
Could not explore, unopened runed door.
No reachable target in view!
You open the door. You barely miss Crazy Yiuf.
Crazy Yiuf hits you with a +2 quarterstaff of chaos!
You feel your power leaking away.
You hit Crazy Yiuf.
Crazy Yiuf is moderately wounded.
Crazy Yiuf is engulfed in blazing flames.
Crazy Yiuf hits you with a +2 quarterstaff of chaos!
Crazy Yiuf freezes you.
Crazy Yiuf is engulfed in blazing flames.
You kill Crazy Yiuf!
Your Unarmed Combat skill increases to level 4!
You have reached level 6!
Your demonic ancestry asserts itself...
Your brain expands.
There is an open translucent door, spattered with blood here.
Things that are here:
a +2 quarterstaff of chaos; a +0 cloak; the gnoll corpse of Crazy Yiuf Are you sure you want to abandon this character and quit the game? (Confirm with "yes".)

############
#####
#......†...#
#..)#
##########.#
#...# #...
#...# ###...
#@# #.....
♣♣.♣ #.#...
♣.♣♣ #.#...
♣♣.♣ #.#...
♣.♣♣ ###
#.#..# ♣♣.♣♣
##.####.#..#
♣.♣P♣♣
#...........
♣....♣
##.####....#
##..## #.#
##..##


There were no monsters in sight!

Vanquished Creatures
  Sigmund (D:2)
  Crazy Yiuf (D:2)
  3 adders (D:2)
  A ribbon worm (D:2)
  3 dart slugs
  An orc (D:2)
  3 ball pythons (D:2)
  3 bats
  6 endoplasms
  2 giant cockroaches
  3 goblins (D:1)
  3 hobgoblins (D:2)
  7 jackals (D:2)
  2 quokkas
  A frilled lizard (D:2)
  3 kobolds
  5 rats
48 creatures vanquished.

Notes
Turn   | Place    | Note
-------+----------+-------------------------------------------
     0 | D:1      | Gadfly the Demonspawn Monk began the quest for the Orb.
     0 | D:1      | Reached XP level 1. HP: 18/18 MP: 1/1
   113 | D:1      | Gained mutation: You have sharp fingernails. [demonic
                  | ancestry]
   113 | D:1      | Reached XP level 2. HP: 22/24 MP: 2/2
   488 | D:1      | Reached skill level 1 in Evocations
   619 | D:2      | Reached skill level 3 in Unarmed Combat
   626 | D:2      | Reached skill level 1 in Shapeshifting
   630 | D:2      | Gained mutation: Your demonic aura sometimes causes spilled
                  | blood to erupt in flames. [demonic ancestry]
   630 | D:2      | Reached XP level 3. HP: 27/29 MP: 3/3
   858 | D:2      | Noticed Sigmund
   871 | D:2      | Killed Sigmund
   872 | D:2      | Gained mutation: You have very sharp fingernails. [demonic
                  | ancestry]
   872 | D:2      | Reached XP level 4. HP: 12/35 MP: 4/4
   872 | D:2      | Gained mutation: You are partially covered in sharp spines.
                  | [demonic ancestry]
   872 | D:2      | Reached XP level 5. HP: 14/41 MP: 5/5
  1425 | D:2      | Found a runed translucent door.
  1426 | D:2      | Noticed Crazy Yiuf
  1507 | D:2      | Killed Crazy Yiuf
  1508 | D:2      | Reached skill level 4 in Unarmed Combat
  1508 | D:2      | Gained mutation: You have an unusually large brain. (Int
                  | +2) [demonic ancestry]
  1508 | D:2      | Reached XP level 6. HP: 22/47 MP: 1/6
  1509 | D:2      | Quit the game

Illustrated notes

Levels and vault maps discovered:
D:1:      minmay_arrival_jagged, layout_basic
D:2:      layout_loops_ring, uniq_sigmund, uniq_crazy_yiuf_cottage

Skill      XL: |  1  2  3  4  5 |
---------------+----------------+-----
Evocations     | 1 2 |  2.9
Unarmed Combat | 3 4 |  4.0
Shapeshifting  | 1 2 |  2.4
Dodging        | 3 |  3.3
Fighting       | |  3.0

Action                     |  1- 3 |  4- 6 || total
---------------------------+-------+-------++-------
  Melee: Unarmed           |    28 |       ||    28
         Rapier            |    46 |    31 ||    77
    Use: Scroll            |     4 |     1 ||     5
         Potion            |     3 |       ||     3
 Armour: Robe              |    42 |    14 ||    56
         Skin              |     2 |       ||     2
  Dodge: Dodged            |    53 |    17 ||    70
